 Seeded DCSS version 0.27.1-2-g3b301248ec (webtiles) character file.

Game seed: 14551798346683263451 (custom seed)

315 babuloseo the Sneak (level 6, 0/47 HPs)
             Began as a Human Brigand on Oct 1, 2021.
             Slain by an orc wizard (19 damage)
             ... on level 5 of the Dungeon.
             The game lasted 00:04:05 (2887 turns).

babuloseo the Sneak (Human Brigand)                 Turns: 2887, Time: 00:04:05

Health: 0/47       AC:  6    Str: 12    XL:     6   Next: 72%
Magic:  6/6        EV: 11    Int: 11    God:
Gold:   1276       SH:  0    Dex: 16    Spells: 5/5 levels left

rFire    . . .     SeeInvis .   p - +2 short sword (venom)
rCold    . . .     Faith    .   (no shield)
rNeg     . . .     Spirit   .   j - +0 ring mail
rPois    .         Reflect  .   (no helmet)
rElec    .         Harm     .   c - +0 cloak
rCorr    .         Rampage  .   (no gloves)
Will     .....                  (no boots)
Stlth    ++........             (no amulet)
HPRegen  0.15/turn              (no ring)
MPRegen  0.10/turn              (no ring)

@: no status effects
A: no striking features
a: no special abilities


You were on level 5 of the Dungeon.
You visited 1 branch of the dungeon, and saw 6 of its levels.

You collected 1276 gold pieces.

Inventory:

Hand Weapons
 a - a +2 dagger
 f - a +2 dagger of venom
 p - a +2 short sword of venom (weapon)
Missiles
 d - 8 poisoned darts (quivered)
 e - 2 curare-tipped darts
 i - 8 javelins
Armour
 b - a +0 robe
 c - a +0 cloak (worn)
 j - a +0 ring mail (worn)
 o - a +0 cloak
Scrolls
 h - a scroll of magic mapping {unknown}
 k - 2 scrolls of identify {unknown}
 m - 3 scrolls of enchant armour {unknown}
 n - a scroll of torment {unknown}
 t - 2 scrolls of blinking {unknown}
 u - a scroll of noise {unknown}
Potions
 g - a potion of ambrosia {unknown}
 l - a potion of brilliance {unknown}
 q - a potion of degeneration {unknown}
 r - 2 potions of curing {unknown}
 s - 3 potions of attraction {unknown}


   Skills:
 + Level 3.1 Fighting
 * Level 4.2 Short Blades
 + Level 3.0 Throwing
 + Level 2.4 Dodging
 + Level 5.0 Stealth


You had 5 spell levels left.
You didn't know any spells.
Your spell library contained the following spells:

 Spells                   Type           Power      Damage    Failure   Level
 Magic Dart               Conj           0%         1d3       63%         1
 Blink                    Tloc           N/A        N/A       77%         2
 Call Imp                 Summ           0%         N/A       77%         2
 Searing Ray              Conj           0%         3d3       77%         2
 Lesser Beckoning         Tloc           0%         N/A       94%         3
 Mephitic Cloud           Conj/Pois/Air  0%         N/A       94%         3
 Fulminant Prism          Conj/Hex       0%         3d6       100%        4
 Manifold Assault         Tloc           0%         N/A       100%        5


Dungeon Overview and Level Annotations

Branches:
Dungeon (6/15)
 Temple: D:4-7

Altars:
Ashenzari
Gozag
Qazlal


Message History

The orc priest looks as sick as possible!
The orc priest is almost dead.
You kill the orc priest!
Your Stealth skill increases to level 5!
The orc wizard points at you and mumbles some strange words.
You are confused.
Unknown command.
You bump into the rock wall.
The orc wizard casts a spell at you. You resist with some effort.
The orc wizard hits you with a +0 dagger.
You're too confused to move!
The orc wizard casts a spell at you. The puff of flame hits you.
The orc wizard points at you and mumbles some strange words.
You resist with some effort.
You feel less confused.
The orc wizard gestures at you while chanting.
You resist with some effort.
You hit the orc wizard.
The orc wizard is poisoned.
The orc wizard is lightly wounded.
The orc wizard gestures at you while chanting.
You resist with some effort.
You closely miss the orc wizard.
The orc wizard is moderately wounded.
The orc wizard hits you with a +1 dagger of electrocution.
Unknown command.
You barely miss the orc wizard.
The orc wizard is heavily wounded.
The orc wizard casts a spell at you. The puff of flame misses you.
The orc wizard closely misses you.
You barely miss the orc wizard.
The orc wizard is heavily wounded.
The orc wizard barely misses you.
The orc wizard casts a spell.
The orc wizard flickers and vanishes!
Deactivating autopickup; reactivate with Ctrl-A.
You hit something but do no damage. The orc wizard closely misses you.
Something hits you.
You are electrocuted!!
You die...

.......>...o...
#############..#
##..#### #..#
......#..........
......#..........
......#o.........
### #....#
..##.##..#
##..###<...##..##o
#...
#.....@{........o
....
+.....o..........
...#
#.......).......
.....#...>..####
########....#
#......# ........#
#.#####..#
#.#((.#..#


You could see an orc wizard.

Vanquished Creatures
  A black bear (D:6)
  A jelly (D:6)
  An orc priest (D:5)
  Crazy Yiuf (D:2)
  A hound (D:6)
  An iguana (D:6)
  2 adders
  A worm (D:3)
  A dart slug (D:1)
  5 orcs
  3 bats
  3 endoplasms
  A giant cockroach (D:1)
  4 goblins
  10 hobgoblins
  3 jackals (D:4)
  3 kobolds
  A quokka (D:2)
  6 ball pythons
  2 frilled lizards (D:1)
  3 rats (D:2)
54 creatures vanquished.

Notes
Turn   | Place    | Note
-------+----------+-------------------------------------------
     0 | D:1      | babuloseo the Human Brigand began the quest for the Orb.
     0 | D:1      | Reached XP level 1. HP: 16/16 MP: 1/1
   190 | D:1      | Reached XP level 2. HP: 21/22 MP: 2/2
   824 | D:2      | Found a stormy altar of Qazlal.
   827 | D:2      | Reached XP level 3. HP: 27/27 MP: 3/3
  1059 | D:2      | Identified a scroll of acquirement
  1059 | D:2      | Acquired 1160 gold pieces
  1229 | D:2      | Found a runed translucent door.
  1230 | D:2      | Noticed Crazy Yiuf
  1299 | D:2      | Killed Crazy Yiuf
  1300 | D:2      | Reached XP level 4. HP: 21/34 MP: 4/4
  1562 | D:3      | Found a faded altar of an unknown god.
  2040 | D:3      | Found an opulent altar of Gozag.
  2219 | D:4      | Reached XP level 5. HP: 36/39 MP: 5/5
  2375 | D:5      | Entered Level 5 of the Dungeon
  2380 | D:5      | Found a broken altar of Ashenzari.
  2516 | D:6      | Noticed a black bear
  2532 | D:6      | Killed a black bear
  2533 | D:6      | Reached XP level 6. HP: 13/47 MP: 6/6
  2857 | D:6      | Noticed a yak
  2857 | D:6      | Noticed a yak
  2857 | D:6      | Noticed a yak
  2868 | D:5      | Noticed a +0 hand axe
  2868 | D:5      | Noticed a +0 dagger
  2876 | D:5      | Reached skill level 5 in Stealth
  2887 | D:5      | Slain by an orc wizard

Illustrated notes

Levels and vault maps discovered:
D:1:      lemuel_arrival_river_bridge, layout_rooms
D:2:      layout_loops_cross, basic_altar, serial_shops, shop,
          minmay_goblin_kobold_house, uniq_crazy_yiuf_cottage, uniq_robin
D:3:      layout_basic, grunt_gozag_breadcrumbs,
          hellmonk_ecumenical_altar_heavens_door
D:4:      layout_loops_ring, zin_treasury, elyvilon_altar_3,
          nzn_wu_jian_contemplation, serial_co_window_serial,
          co_window_corner_a, co_window_corner_a, co_window_of_opportunity_a,
          co_window_corner_a, co_window_paths_a, co_window_corner_b,
          co_window_paths_c, co_window_2corner, co_window_paths_c,
          co_window_of_opportunity_b, co_window_of_opportunity_c,
          co_window_of_opportunity_c, glass_columns_a, glass_columns_c
D:5:      layout_gridville, dancing_weapons_uskayaw, ashenzari_altar_1,
          kennysheep_mini_moat, minmay_temple_entry_statues_fountains,
          serial_shops, nicolae_shop_trees, kennysheep_crisscross,
          minmay_circle_x
D:6:      layout_basic, kennysheep_cross_bottleneck, grunt_ministairs_3,
          uniq_edmund

Skill      XL: |  1  2  3  4  5  6 |
---------------+-------------------+-----
Short Blades   | 3 4 |  4.2
Fighting       | 3 |  3.1
Dodging        | 2 |  2.4
Throwing       | 3 |  3.0
Stealth        | 5 |  5.0

Action                   |  1- 3 |  4- 6 || total
-------------------------+-------+-------++-------
Melee: Dagger            |    77 |     1 ||    78
       Short sword       |       |    84 ||    84
  Use: Scroll            |     1 |       ||     1
 Stab: Sleeping          |     4 |     4 ||     8
       Invisible         |     2 |       ||     2
Armor: Robe              |     5 |       ||     5
       Ring mail         |    10 |    37 ||    47
Dodge: Dodged            |    33 |    34 ||    67
